 Dungeon Crawl Stone Soup version 0.30-a0-43-gbbf338a72c (webtiles) character file.

Game seed: 14683750889558541861

187783 Perdel the Bewitcher (level 17, -9/87 HPs)
             Began as a Spriggan Enchanter on Sept 1, 2022.
             Was the Champion of Dithmenos.
             Mangled by Arachne
             ... wielding a staff of poison
              (19 damage)
             ... on level 2 of the Spider Nest.
             The game lasted 01:18:59 (27460 turns).

Perdel the Bewitcher (Spriggan Enchanter)          Turns: 27460, Time: 01:18:59

Health: -9/87      AC: 16    Str: 16    XL:     17   Next: 89%
Magic:  20/37      EV: 27    Int: 16    God:    Dithmenos [******]
Gold:   1705       SH:  0    Dex: 18    Spells: 21/46 levels left

rFire   . . .      SeeInvis +    s - +6 dagger (venom)
rCold   . . .      Faith    .    (no shield)
rNeg    . . .      Spirit   .    R - +4 troll leather armour {Snorg}
rPois   .          Reflect  .    T - +2 hood of the Assassin {Detection Stab+ Stlth++}
rElec   .          Harm     .    f - +2 cloak
rCorr   .          Rampage  .    (gloves unavailable)
Will    ++...                    (boots unavailable) Stlth *******+++
                                 G - amulet of regeneration
HPRegen 1.84/turn                x - +6 ring of strength
MPRegen 0.25/turn                K - +4 ring of slaying

@: wreathed by umbra, very quick
A: very small, no large weapons, unfitting armour, see invisible, speed 3,
antennae 1, iridescent scales 1
a: Renounce Religion, Shadow Step, Shadow Form


You were on level 2 of the Spider Nest.
You worshipped Dithmenos.
Dithmenos was exalted by your worship.
You visited 5 branches of the dungeon, and saw 25 of its levels.
You also visited: Bailey and Ice Cave.

You collected 3277 gold pieces.
You spent 1572 gold pieces at shops.

Inventory:

Hand Weapons
 s - a +6 dagger of venom (weapon)
Missiles
 M - a curare-tipped dart (quivered)
 N - 5 throwing nets
Armour
 f - a +2 cloak (worn)
 v - the +3 robe of the Ecumenical Temple {Rampage Str+5 Stlth-}
   (You found it on level 6 of the Dungeon)

   Str:       It affects your strength (+5).
   Rampage:   It bestows one free step when moving towards enemies.
   Stlth:     It makes you less stealthy.
 R - a +4 troll leather armour (worn) {Snorg}
 T - the +2 hood of the Assassin (worn) {Detection Stab+ Stlth++}
   (You bought it in a shop on level 12 of the Dungeon)

   It allows the wearer to sense nearby creatures.
   It allows the wearer to make particularly effective stabbing attacks against
   helpless or unaware enemies with any weapon.
   Stlth:     It makes you much more stealthy.
Jewellery
 a - the ring of Wenwuzij {rF+ Dex+2}
   (You found it on level 13 of the Dungeon)

   [ring of protection from fire]

   Dex:       It affects your dexterity (+2).
   rF:        It protects you from fire.
 l - a ring of poison resistance
 r - a ring of protection from fire
 x - a +6 ring of strength (left hand)
 F - a ring of flight
 G - an amulet of regeneration (around neck)
 K - a +4 ring of slaying (right hand)
 V - a ring of protection from fire
Wands
 b - a wand of mindburst (30)
 o - a wand of polymorph (7)
 u - a wand of acid (7)
 w - a wand of roots (30)
 y - a wand of digging (6)
 D - a wand of flame (60)
 O - a wand of paralysis (6)
Scrolls
 c - 8 scrolls of blinking
 e - 3 scrolls of teleportation
 m - 10 scrolls of identify
 p - a scroll of summoning
 q - 2 scrolls of vulnerability
 t - 2 scrolls of immolation
 C - a scroll of fear
 I - 3 scrolls of fog
 J - a scroll of enchant armour
 L - 7 scrolls of magic mapping
 Q - 3 scrolls of amnesia
Potions
 d - 3 potions of brilliance
 g - 4 potions of heal wounds
 h - 3 potions of resistance
 i - 5 potions of haste
 j - 3 potions of lignification
 k - 5 potions of cancellation
 n - 7 potions of curing
 A - 4 potions of mutation
 B - 5 potions of magic
 E - 4 potions of might
 S - 4 potions of ambrosia
Miscellaneous
 z - a phantom mirror


   Skills:
 + Level 9.0 Fighting
 + Level 11.6 Short Blades
 - Level 6.0 Armour
 + Level 14.0 Dodging
 + Level 18.8 Stealth
 + Level 15.2 Spellcasting
 * Level 19.2 Hexes


You had 21 spell levels left.
You knew the following spells:

 Your Spells              Type           Power      Damage    Failure   Level
a - Ensorcelled Hibernat  Hex/Ice        86%        N/A       1%          2
b - Tukima's Dance        Hex            65%        N/A       0%          3
c - Dazzling Flash        Conj/Hex       86%        N/A       1%          3
d - Confusing Touch       Hex            65%        N/A       0%          3
e - Cause Fear            Hex            32%        N/A       1%          4
f - Blink                 Tloc           24%        N/A       10%         2
g - Discord               Hex            32%        N/A       16%         8

Your spell library contained the following spells:

 Spells                   Type           Power      Damage    Failure   Level
 Inner Flame              Hex/Fire       43%        N/A       1%          3
 Summon Guardian Golem    Hex/Summ       43%        N/A       1%          3
 Anguish                  Hex/Necr       21%        N/A       1%          4
 Fulminant Prism          Conj/Hex       21%        3d13      1%          4
 Leda's Liquefaction      Hex/Erth       21%        N/A       1%          4
 Beastly Appendage        Tmut           24%        N/A       6%          1
 Magic Dart               Conj           48%        1d5       6%          1
 Summon Small Mammal      Summ           48%        N/A       6%          1
 Call Imp                 Summ           12%        N/A       10%         2
 Sublimation of Blood     Necr           12%        N/A       10%         2
 Wereblood                Tmut           12%        N/A       10%         2
 Call Canine Familiar     Summ           12%        N/A       19%         3
 Lesser Beckoning         Tloc           12%        N/A       19%         3
 Mephitic Cloud           Conj/Pois/Air  12%        N/A       19%         3
 Spider Form              Tmut/Pois      12%        N/A       19%         3
 Iskenderun's Mystic Bla  Conj/Tloc      12%        2d5       54%         4
 Alistair's Intoxication  Tmut/Pois      8%         N/A       87%         5
 Borgnjor's Vile Clutch   Necr/Erth      6%         N/A       87%         5
 Fireball                 Conj/Fire      6%         3d5       87%         5
 Iskenderun's Battlesphe  Conj           12%        2d7       87%         5
 Lee's Rapid Deconstruct  Erth           6%         3d7*      87%         5
 Manifold Assault         Tloc           12%        N/A       87%         5
 Conjure Ball Lightning   Conj/Air       6%         3x3d6     100%        6
 Eringya's Noxious Bog    Tmut/Pois      6%         N/A       100%        6
 Starburst                Conj/Fire      6%         6d4       100%        6
 Statue Form              Tmut/Erth      8%         N/A       100%        6
 Dragon Form              Tmut           6%         N/A       100%        7
 Orb of Destruction       Conj           6%         9d6       100%        7
 Summon Hydra             Summ           6%         N/A       100%        7
 Dragon's Call            Summ           6%         N/A       100%        9


Dungeon Overview and Level Annotations

Branches:
Dungeon (15/15)            Temple (1/1) D:5            Lair (5/5) D:11
 Shoals (0/4) Lair:3       Spider (2/4) Lair:2        Slime (0/5) Lair:4
    Orc (2/2) D:10            Elf (0/3) Orc:2        Vaults (0/5) D:14
 Depths (0/4) D:15         Bailey (visited)           IceCv (visited)

Altars:
Ashenzari
Cheibriados
Dithmenos
Elyvilon
Fedhas
Gozag
Hepliaklqana
Kikubaaqudgha
Makhleb
Nemelex Xobeh
Okawaru
Qazlal
Ru
Sif Muna
Trog
Uskayaw
Vehumet
Wu Jian
Xom
Yredelemnul
Zin
The Shining One
Jiyva

Shops:
D:2 (   D:4 !   D:9 *   D:12 [   Orc:2 =*(*[

Annotations:
Spider:2 Arachne


Innate Abilities, Weirdness & Mutations

You are very small and have problems with some larger weapons.
You are too small for most types of armour.
You have supernaturally acute eyesight. (SInv)
You cover ground extremely quickly. (Speed+++)
You have a pair of small antennae on your head.
You are partially covered in iridescent scales. (AC +2)


Message History

You emit a cloud of dark smoke.
Unknown command.
Casting: Ensorcelled Hibernation (safe; 1% risk of failure)
Confirm with . or Enter, or press ? or * to list all spells.
The spell is quite dangerous to miscast (16% risk of failure)!
Continue anyway?
Casting: Discord (quite dangerous; 16% risk of failure)
Press: ? - help, Dir - look around, f - activate Arachne resists with some effort.
The broodmother easily resists.
The wolf spider resists with some effort.
You feel very sick.
Arachne hits you with a staff of poison.
Arachne envenoms you!
You are more poisoned.
Casting: Discord (quite dangerous; 16% risk of failure)
Confirm with . or Enter, or press ? or * to list all spells.
The spell is quite dangerous to miscast (16% risk of failure)!
Continue anyway?
Casting: Discord (quite dangerous; 16% risk of failure)
Press: ? - help, Dir - look around, f - activate Arachne flies into a frenzy!
The broodmother flies into a frenzy!
The wolf spider resists with almost no effort.
You feel very sick.
Arachne hits you with a staff of poison!!
You emit a cloud of dark smoke.
Arachne envenoms you!
* * * LOW HITPOINT WARNING * * *
You emit a cloud of dark smoke.
You are more poisoned.
The broodmother bites you.
* * * LOW HITPOINT WARNING * * *
The wolf spider closely misses you. The wolf spider bites you.
* * * LOW HITPOINT WARNING * * *
You are lethally poisoned!
The wolf spider poisons you! Arachne barely misses you.
The broodmother barely misses the wolf spider.
The tarantella touches the broodmother!
The wolf spider closely misses you. The wolf spider barely misses you.
Arachne misses you.
You feel better.
Arachne hits you with a staff of poison!
* * * LOW HITPOINT WARNING * * *
Arachne envenoms you!!
You die...

### ##§§#####
#..§§#..###
##§H@§....#
#.§§ss....##
#.§s§.<....#
##.§......##
#.{.....#...#
##....... .^#
.^........ ##
#.#s......##
#s.#.......


You could see a wolf spider, a tarantella, the neutral Arachne (fast, strong,
insane) and a neutral broodmother (fast, strong, insane, distracted).

Vanquished Creatures
  Jorgrun (D:14)
  Kirke (Spider:1)
  An orc warlord (Orc:2)
  An entropy weaver (Spider:1)
  An ettin (Orc:1)
  Snorg (D:12)
  A fire dragon (Lair:5)
  Josephine (D:11)
  Harold (D:10)
  Erolcha (D:12)
  4 boulder beetles
  7 hydras
  9 centaur warriors
  3 catoblepae
  An ice dragon (Lair:5)
  A death knight (D:15)
  3 two-headed ogres
  A tengu warrior (D:14)
  A vampire mage (D:15)
  Urug (D:13)
  3 orc high priests (Orc:2)
  Nergalle (D:10)
  A shadow wraith (D:14)
  3 skeletal warriors
  A deep troll (D:14)
  Lodul (D:12)
  A pharaoh ant (Spider:1)
  A spark wasp zombie (D:15)
  2 steelbarb worms (Spider:1)
  5 orc knights
  A swamp dragon (Lair:5)
  4 lindwurms (Lair:5)
  4 wolf spiders (Spider:1)
  6 orc sorcerers
  3 deep elf pyromancers
  A necromancer (D:15)
  A frost giant zombie (D:15)
  2 manticores
  6 cyclopes
  An oklob plant (Lair:5)
  A stone giant zombie (D:15)
  14 ugly things
  26 elephants
  Maurice (Orc:1)
  6 black mambas
  Joseph (D:8)
  6 torpor snails
  A gargoyle (D:14)
  6 cane toads
  3 unseen horror zombies (D:8)
  2 unseen horrors (D:11)
  8 komodo dragons
  4 freezing wraiths (D:15)
  2 demonic crawlers (Spider:1)
  A spriggan zombie (D:15)
  A burning bush (Lair:2)
  A queen bee (Orc:1)
  3 polar bears
  5 trolls
  A wind drake (shapeshifter) (D:11)
  Prince Ribbit (D:8)
  4 tarantellas (Spider:1)
  3 tyrant leeches (Lair:5)
  5 slime creatures (D:13)
  7 hornets (Lair:5)
  14 blink frogs
  2 dream sheep (Lair:3)
  A dancing weapon (Orc:1)
  Sigmund (D:3)
  4 culicivoras (Spider:1)
  3 jumping spiders (Spider:1)
  A spriggan (shapeshifter) (D:13)
  8 wraiths
  4 vampires
  A shadow (D:12)
  50 yaks
  3 wyverns
  5 steam dragons
  4 redbacks (Spider:1)
  8 basilisks
  Grum (D:8)
  11 vampire mosquitoes
  2 wargs
  6 acid dragons
  11 water moccasins
  2 swamp drakes (Lair:5)
  4 black bears
  A sky beast (D:7)
  25 orc warriors
  10 ogres
  13 wolves
  14 centaurs
  3 kobold brigands
  17 bullfrogs
  4 necrophages
  2 gnoll sergeants
  3 scorpions
  A cane toad simulacrum (Lair:2)
  13 wights
  20 killer bees
  2 centaur zombies (D:8)
  3 jellies
  13 orc priests
  2 gnoll boudas
  2 hounds
  A human zombie (D:8)
  8 iguanas
  18 orc wizards
  A polar bear simulacrum (IceCv)
  7 hell rats (Lair:1)
  2 wolf simulacra (Lair:2)
  A killer bee zombie (D:8)
  2 mummies (D:8)
  28 gnolls
  A howler monkey zombie (D:8)
  6 adders
  A naga simulacrum (IceCv)
  2 shadow imps (D:7)
  A white imp (IceCv)
  2 ufetubi
  3 worms (D:2)
  74 orcs
  16 ball pythons
  8 endoplasms
  2 giant cockroaches (D:3)
  8 goblins
  6 hobgoblins
  4 jackals (D:1)
  5 quokkas
  11 bats
  4 frilled lizards
  2 goblin skeletons (D:7)
  A hobgoblin zombie (D:7)
  17 kobolds
  3 kobold skeletons (D:7)
  2 kobold zombies (D:7)
  An orc skeleton (D:7)
  2 orc zombies (D:7)
  4 rats
  A butterfly (Lair:2)
751 creatures vanquished.

Vanquished Creatures (collateral kills)
  An orc high priest (Orc:2)
  3 orb spiders (Spider:1)
  A wolf spider (Spider:1)
  An orc knight (Orc:2)
  An orc sorcerer (Orc:2)
  A demonic crawler (Spider:1)
  4 tarantellas (Spider:1)
  2 culicivoras (Spider:1)
  6 jumping spiders (Spider:1)
  2 yaks (D:9)
  4 redbacks (Spider:1)
  A warg (Orc:2)
  A water moccasin (D:9)
  12 orc warriors
  An ogre (D:12)
  7 wights
  5 orc priests
  7 orc wizards
  10 gnolls
  8 orcs
78 creatures vanquished.

Vanquished Creatures (others)
  A centaur warrior (D:13)
  18 dancing weapons
  A jumping spider (Spider:1)
  A vampire (D:13)
  A vampire mosquito (D:13)
  A gnoll (D:8)
  An orc (D:8)
  43 fungi
  38 plants
105 creatures vanquished.

Grand Total: 934 creatures vanquished

Notes
Turn   | Place    | Note
-------+----------+-------------------------------------------
     0 | D:1      | Perdel the Spriggan Enchanter began the quest for the Orb.
     0 | D:1      | Reached XP level 1. HP: 9/9 MP: 5/5
   401 | D:2      | Reached skill level 4 in Hexes
   401 | D:2      | Reached XP level 2. HP: 12/13 MP: 7/7
   418 | D:2      | Learned a level 2 spell: Ensorcelled Hibernation
   902 | D:1      | Reached XP level 3. HP: 16/16 MP: 9/9
   906 | D:1      | Learned a level 3 spell: Tukima's Dance
   910 | D:1      | Learned a level 3 spell: Confusing Touch
  1119 | D:1      | Found a faded altar of an unknown god.
  1805 | D:2      | Reached XP level 4. HP: 21/21 MP: 6/11
  1866 | D:2      | Found Uhaoddu's Weapon Shop.
  1912 | D:2      | Reached skill level 5 in Hexes
  2278 | D:2      | Noticed a black bear
  2320 | D:2      | Killed a black bear
  2321 | D:2      | Reached skill level 5 in Spellcasting
  2321 | D:2      | Reached XP level 5. HP: 24/24 MP: 0/13
  2583 | D:2      | Reached skill level 6 in Hexes
  2899 | D:2      | Reached XP level 6. HP: 28/28 MP: 5/15
  3037 | D:2      | Identified a scroll of acquirement
  3037 | D:2      | Acquired a book of Hexes
  3045 | D:2      | Learned a level 3 spell: Dazzling Flash
  3050 | D:2      | Learned a level 4 spell: Cause Fear
  3325 | D:3      | Reached skill level 5 in Stealth
  3464 | D:3      | Noticed Sigmund
  3478 | D:3      | Killed Sigmund
  4068 | D:4      | Reached XP level 7. HP: 32/32 MP: 7/17
  4193 | D:4      | You fall into a shaft and drop 2 floors!
  4239 | D:6      | Reached skill level 7 in Hexes
  4292 | D:5      | Entered Level 5 of the Dungeon
  4636 | D:4      | Found a sparkling altar of Nemelex Xobeh.
  4753 | D:4      | Found Isamy's Distillery.
  4760 | D:4      | Bought a potion of curing for 30 gold pieces
  4760 | D:4      | Bought a potion of curing for 30 gold pieces
  4760 | D:4      | Bought a potion of curing for 30 gold pieces
  4760 | D:4      | Bought a potion of curing for 30 gold pieces
  4760 | D:4      | Bought a potion of might for 40 gold pieces
  5482 | D:5      | Found a staircase to the Ecumenical Temple.
  5489 | D:5      | Reached XP level 8. HP: 36/36 MP: 13/20
  5501 | Temple   | Entered the Ecumenical Temple
  6007 | D:6      | Reached skill level 8 in Hexes
  6129 | D:6      | Identified the +3 robe of the Ecumenical Temple {Rampage
                  | Str+5 Stlth-}
  6136 | D:6      | Found a shadowy altar of Dithmenos.
  6146 | D:6      | Found an opulent altar of Gozag.
  6150 | D:6      | Became a worshipper of Dithmenos the Shadowed
  6668 | D:6      | Reached skill level 9 in Hexes
  6717 | D:6      | Reached skill level 10 in Stealth
  7072 | D:6      | Reached XP level 9. HP: 36/39 MP: 17/23
  7391 | D:7      | Found a flagged portal.
  7441 | Bailey   | Entered a bailey
  7564 | Bailey   | Reached * piety under Dithmenos
  7897 | D:7      | Reached skill level 1 in Fighting
  8009 | D:7      | Found a glowing golden altar of the Shining One.
  8131 | D:7      | Noticed a two-headed ogre
  8133 | D:7      | Killed a two-headed ogre
  8185 | D:7      | Identified the +3 mace of Saltpetre {vorpal, Fragile rElec
                  | rN+++ MP+9}
  8561 | D:7      | Reached skill level 10 in Hexes
  8581 | D:8      | Reached ** piety under Dithmenos
  9047 | D:8      | Reached skill level 5 in Dodging
  9054 | D:8      | Reached XP level 10. HP: 23/47 MP: 16/24
  9058 | D:8      | Reached skill level 10 in Spellcasting
  9780 | D:8      | Noticed Prince Ribbit
  9787 | D:8      | Killed Prince Ribbit
  9796 | D:8      | Noticed a two-headed ogre
  9968 | D:8      | Noticed Joseph
  9984 | D:8      | Killed Joseph
  9985 | D:8      | Reached skill level 5 in Short Blades
 10127 | D:8      | Noticed Grum
 10192 | D:8      | Killed Grum
 10229 | D:8      | Reached *** piety under Dithmenos
 10598 | D:8      | Reached skill level 11 in Hexes
 10763 | D:8      | Reached XP level 11. HP: 45/53 MP: 22/26
 10839 | D:8      | Found an ancient bone altar of Kikubaaqudgha.
 11153 | D:9      | Found a broken altar of Ashenzari.
 11536 | D:9      | Found a hide-covered altar of Uskayaw.
 11573 | D:9      | Found Baig's Assorted Antiques.
 11610 | D:9      | Bought a scroll of identify for 46 gold pieces
 11610 | D:9      | Bought a scroll labelled PAR KORAINIFY for 23 gold pieces
 11610 | D:9      | Bought a scroll of identify for 46 gold pieces
 11684 | D:9      | Gained mutation: You are partially covered in iridescent
                  | scales. (AC +2) [potion of mutation]
 11684 | D:9      | Gained mutation: You have a pair of small antennae on your
                  | head. [potion of mutation]
 11742 | D:9      | Reached **** piety under Dithmenos
 12174 | D:10     | Entered Level 10 of the Dungeon
 12175 | D:10     | Found a basalt altar of Yredelemnul.
 12206 | D:10     | Noticed a deep elf pyromancer
 12209 | D:10     | Noticed Harold
 12214 | D:10     | Killed a deep elf pyromancer
 12224 | D:10     | Killed Harold
 12628 | D:10     | Reached skill level 12 in Hexes
 12693 | D:10     | Found a staircase to the Orcish Mines.
 12776 | D:10     | Noticed a two-headed ogre
 12795 | D:10     | Killed a two-headed ogre
 12853 | D:10     | Noticed Nergalle
 12864 | D:10     | Killed Nergalle
 13050 | D:10     | Reached skill level 5 in Fighting
 13309 | D:10     | Reached ***** piety under Dithmenos
 13450 | D:11     | Noticed Josephine
 13469 | D:11     | Killed Josephine
 13470 | D:11     | Reached XP level 12. HP: 23/60 MP: 28/28
 13932 | D:11     | Noticed a boulder beetle
 13933 | D:11     | Killed a boulder beetle
 14082 | D:11     | Reached skill level 13 in Hexes
 14363 | D:11     | Found a staircase to the Lair.
 14703 | D:12     | Noticed Snorg
 14703 | D:12     | Noticed Lodul
 14835 | D:12     | Noticed a boulder beetle
 14836 | D:12     | Noticed a four-headed hydra
 14840 | D:12     | Killed a boulder beetle
 14852 | D:12     | Killed a four-headed hydra
 14919 | D:12     | Killed Snorg
 15022 | D:12     | Identified the +0 pair of boots of the Shore {Stlth+}
 15088 | D:12     | Noticed Erolcha
 15123 | D:12     | Killed Erolcha
 15124 | D:12     | Reached skill level 15 in Stealth
 15136 | D:12     | Noticed a boulder beetle
 15318 | D:12     | Killed a boulder beetle
 15361 | D:12     | Found Wytono's Armour Shoppe.
 15435 | D:12     | Noticed a two-headed ogre
 15448 | D:12     | Killed a two-headed ogre
 15469 | D:12     | Killed Lodul
 15470 | D:12     | Reached skill level 10 in Dodging
 15470 | D:12     | Reached skill level 14 in Hexes
 15485 | D:12     | Bought the +2 hood of the Assassin {Detection Stab+
                  | Stlth++} for 960 gold pieces
 15485 | D:12     | Found the +2 hood of the Assassin {Detection Stab+ Stlth++}
 15609 | D:12     | Noticed a centaur warrior
 15626 | D:12     | Killed a centaur warrior
 15880 | D:13     | Noticed Urug
 15896 | D:13     | Killed Urug
 15897 | D:13     | Reached XP level 13. HP: 64/65 MP: 21/30
 16572 | D:13     | Identified the ring of Wenwuzij {rF+ Dex+2}
 16693 | D:13     | Reached ****** piety under Dithmenos
 16845 | D:13     | Learned a level 2 spell: Blink
 16854 | D:13     | Learned a level 8 spell: Discord
 16927 | D:14     | Noticed Jorgrun
 16965 | D:14     | Killed Jorgrun
 16966 | D:14     | Reached skill level 15 in Hexes
 17481 | D:14     | Found a gate to the Vaults.
 17944 | Lair:1   | Entered Level 1 of the Lair of Beasts
 17995 | Lair:1   | Reached skill level 1 in Armour
 18061 | Lair:1   | Reached XP level 14. HP: 72/72 MP: 32/32
 18904 | Lair:2   | Found a hole to the Spider Nest.
 19050 | Lair:2   | Found a frozen archway.
 19082 | IceCv    | Entered an ice cave
 19530 | Lair:2   | Reached skill level 5 in Armour
 19860 | Lair:3   | Found a staircase to the Shoals.
 21040 | Lair:4   | Found a staircase to the Slime Pits.
 21041 | Lair:4   | Found a viscous altar of Jiyva.
 21443 | Lair:4   | Reached skill level 16 in Hexes
 21650 | Lair:5   | Entered Level 5 of the Lair of Beasts
 22125 | Lair:5   | Identified the +3 flail "Mug Usytz" {antimagic, rPois
                  | Will++}
 22191 | Lair:5   | Reached skill level 10 in Short Blades
 22398 | Lair:5   | Reached XP level 15. HP: 49/77 MP: 33/33
 22412 | Lair:5   | Reached skill level 17 in Hexes
 22412 | Lair:5   | Reached XP level 16. HP: 66/81 MP: 34/34
 22413 | Lair:5   | Reached XP level 17. HP: 71/85 MP: 34/36
 23028 | Lair:5   | Found a runed translucent door.
 23115 | Lair:5   | Reached skill level 18 in Hexes
 23128 | Lair:5   | Paralysed by a hornet for 2 turns
 23254 | Lair:5   | Paralysed by a hornet for 1 turns
 23579 | Orc:1    | Entered Level 1 of the Orcish Mines
 23739 | Orc:1    | Noticed Maurice
 23757 | Orc:1    | Killed Maurice
 24417 | Orc:2    | Entered Level 2 of the Orcish Mines
 24425 | Orc:2    | Found Hias's Assorted Antiques.
 24428 | Orc:2    | Bought a scroll of blinking for 202 gold pieces
 24428 | Orc:2    | Bought a twisted silver amulet for 135 gold pieces
 24443 | Orc:2    | Found a staircase to the Elven Halls.
 24456 | Orc:2    | Found Bioxt's General Store.
 24501 | Orc:2    | Found Efaobydgh's Jewellery Boutique.
 25289 | Orc:2    | Found Tittuet's Antique Weapon Boutique.
 25350 | Orc:2    | Found Ulaad's Antique Armour Shop.
 25697 | D:15     | Entered Level 15 of the Dungeon
 25765 | D:15     | Found a broken altar of Ashenzari.
 25988 | D:15     | Found a staircase to the Depths.
 26438 | Spider:1 | Entered Level 1 of the Spider Nest
 26444 | Spider:1 | Reached skill level 15 in Spellcasting
 26531 | Spider:1 | Reached skill level 19 in Hexes
 26680 | Spider:1 | Noticed Kirke
 26682 | Spider:1 | Killed Kirke
 26719 | Spider:1 | Identified the +4 plate armour of Kewimmab {Harm rElec}
 27454 | Spider:2 | Noticed Arachne
 27460 | Spider:2 | Mangled by Arachne

Illustrated notes

Levels and vault maps discovered:
D:1:      heliophobic_arrival_henge, layout_rooms,
          ebering_ecumenical_altar_ruins, minmay_cupped
D:2:      minmay_chambers_of_ones, layout_basic, serial_shops,
          nicolae_shop_bloodbath_and_beyond, minmay_snake_closets
D:3:      layout_loops_ring, amethyst_killhole, dreamdust_mushroom_princess,
          uniq_sigmund
D:4:      layout_loops_ring, nemelex_xobeh_ov_fountains_minmay, serial_shops,
          nicolae_shop_advertising_works [nicolae_subvault_shop_adworks],
          minmay_strange_pillars, minmay_misc_feat_rows
D:5:      layout_loops_ring, minmay_temple_entry_glass, minmay_misc_feat_tiny
D:6:      layout_loops_ring, mainiacjoe_overflow_large_starburst,
          wad_floor_pattern_1
D:7:      layout_loops_ring, nicolae_tso_besieged_by_evil, enter_bailey_2
D:8:      minmay_four_partial_circles, layout_loops_ring,
          lemuel_mausoleum_altar_kikubaaqudgha, palyth_stone_intersect,
          uniq_grum, uniq_prince_ribbit1, uniq_joseph
D:9:      layout_roguey, lemuel_doored_altar, mainiacjoe_overflow_boulevard,
          serial_shops, nicolae_shop_crystal
D:10:     layout_roguey, mainiacjoe_overflow_cross_hatched, david_orc_4,
          uniq_harold, uniq_nergalle
D:11:     layout_basic, erik_lair_dragon, uniq_josephine
D:12:     layout_rooms, serial_shops, nicolae_diamond_shop, uniq_snorg,
          uniq_lodul, uniq_erolcha
D:13:     kennysheep_windowed_halls, layout_cave_pools, uniq_urug
D:14:     layout_irregular_city, david_vaults_4, chequers_arboretum,
          uniq_jorgrun
D:15:     gammafunk_depths_entry_grave, layout_small_grid,
          cheibrodos_ashenzari_chains
Temple:   eino_temple_water
Lair:1:   layout_loops_ring, lemuel_fruit_fields, serial_bayou_shore_a
Lair:2:   layout_chaotic_city, dummy_spider_entry,
          portal_ice_cave_entry_ice_simulacra, evilmike_ambush
          [evilmike_ambush_outer_basic, evilmike_ambush_inner_wall_1],
          lemuel_fruit_fields
Lair:3:   layout_roguey, elwin_shoals_entry_rocks, minivault_27
Lair:4:   layout_long_grid, slime_entry_1
Lair:5:   wormcave, layout_loops_ring, guppyfry_lair_end_dragon,
          chequers_serial_rivers_micro_a
Spider:1: layout_spider_delve, special_room, uniq_kirke
Spider:2: layout_spider_delve, drop_trap, uniq_arachne
Orc:1:    layout_caves, special_room [special_room_bee], minmay_orc_temple_b,
          uniq_maurice
Orc:2:    grunt_orc_gardens, layout_caves, grunt_orc_garden, grunt_orc_garden,
          grunt_orc_garden, grunt_orc_garden, serial_shops,
          nicolae_shop_behind_doors

Skill      XL: |  1  2  3  4  5  6  7  8  9 10 11 12 13 14 15 16 17 |
---------------+----------------------------------------------------+-----
Spellcasting   | 3 4 5 6 7 9 10 11 12 13 14 15 | 15.2
Hexes          | 4 5 6 7 9 10 11 12 14 15 16 17 19 | 19.2
Stealth        | 6 7 10 11 12 14 15 16 17 18 | 18.8
Dodging        | 5 7 8 10 11 12 14 | 14.0
Fighting       | 2 4 5 6 7 9 |  9.0
Short Blades   | 3 5 7 8 9 10 11 | 11.6
Armour         | 1 6 |  6.0

Action                   |  1- 3 |  4- 6 |  7- 9 | 10-12 | 13-15 | 16-18 || total
-------------------------+-------+-------+-------+-------+-------+-------++-------
Melee: Dagger            |   113 |   110 |   246 |   585 |   890 |   511 ||  2455
       Punch             |     2 |       |     3 |    11 |    16 |    14 ||    46
 Cast: Ensorcelled Hiber |     3 |    25 |    29 |    62 |    60 |    52 ||   231
       Confusing Touch   |       |     2 |     6 |    25 |     7 |     4 ||    44
       Tukima's Dance    |       |     6 |    28 |    33 |     4 |    18 ||    89
       Dazzling Flash    |       |       |       |       |    21 |    13 ||    34
       Discord           |       |       |       |       |       |     8 ||     8
Invok: Shadow Step       |       |       |       |       |     2 |     6 ||     8
Evoke: Wand              |       |       |     2 |     3 |       |     7 ||    12
  Use: Scroll            |     8 |     5 |     9 |     9 |     4 |     6 ||    41
       Potion            |     1 |       |     2 |     4 |    10 |     3 ||    20
 Stab: Sleeping          |    10 |    24 |    52 |    64 |    91 |    89 ||   330
       Distracted        |     1 |     1 |     1 |     2 |     2 |     9 ||    16
       Confused          |       |     2 |     4 |    24 |     4 |     3 ||    37
       Invisible         |       |       |       |     2 |    18 |     5 ||    25
Armor: Robe              |    20 |    30 |    28 |    47 |       |       ||   125
       Skin              |     4 |       |       |       |       |       ||     4
       Troll leather arm |       |       |       |    14 |   163 |    62 ||   239
Dodge: Dodged            |    93 |    93 |   194 |   412 |   964 |   487 ||  2243

Table legend: (Time is in decaauts)
 A = Elapsed time spent in this place.
 B = Non-inter-level travel time spent in this place.
 C = Inter-level travel time spent in this place.
 D = Time resting spent in this place.
 E = Time spent auto-exploring this place.
 F = Levels seen in this place.
 G = Mean time per level.
                   A        B        C        D        E       F      G
               +--------+--------+--------+--------+--------+-----+--------+
         Total |  20070 |  19255 |    815 |   2017 |  12430 |  27 |  743.3 |
       Dungeon |  13786 |  13224 |    562 |   1537 |   8676 |  15 |  919.1 |
        Temple |    143 |    136 |      7 |      0 |    128 |   1 |  143.0 |
          Lair |   3554 |   3375 |    179 |     80 |   2259 |   5 |  710.8 |
   Spider Nest |    721 |    696 |     25 |     95 |    421 |   2 |  360.5 |
  Orcish Mines |   1378 |   1338 |     40 |    130 |    766 |   2 |  689.0 |
        Bailey |    321 |    321 |      0 |     62 |    157 |   1 |  321.0 |
      Ice Cave |    166 |    166 |      0 |    111 |     21 |   1 |  166.0 |
               +--------+--------+--------+--------+--------+-----+--------+

Top non-repeatable levels by time:
     D:8: 1773 daAuts
     D:2: 1491 daAuts
  Lair:5: 1207 daAuts
     D:6: 1157 daAuts
    D:11: 1044 daAuts
     D:1: 1034 daAuts
    D:10: 1004 daAuts
     D:7: 936 daAuts
    D:12: 839 daAuts
     D:9: 832 daAuts
   Orc:1: 795 daAuts
    D:13: 731 daAuts
Spider:1: 716 daAuts
     D:4: 700 daAuts
  Lair:3: 698 daAuts
